 Dungeon Crawl Stone Soup version 0.30-a0-652-gcc886f7154 (webtiles) character file.

Game seed: 8727447717493861750

440 mampy3000 the Cudgeller (level 6, -2/82 HPs)
             Began as a Minotaur Berserker on Jan 17, 2023.
             Was a Priest of Trog.
             Succumbed to a killer bee's poison
             ... on level 5 of the Dungeon.
             The game lasted 00:09:15 (3297 turns).

mampy3000 the Cudgeller (Minotaur Berserker)        Turns: 3297, Time: 00:09:16

Health: -2/82      AC: 11    Str: 22    XL:     6   Next: 70%
Magic:  5/5        EV:  9    Int:  4    God:    Trog [***...]
Gold:   202        SH:  0    Dex: 11    Spells: 5/5 levels left

rFire   + . .      SeeInvis .    j - +1 whip
rCold   x . .      Faith    .    (no shield)
rNeg    . . .      Spirit   .    k - +0 chain mail
rPois   .          Reflect  .    (helmet restricted)
rElec   .          Harm     .    (no cloak)
rCorr   .          Rampage  .    s - +0 pair of gloves
Will    .....                    (no boots) Stlth
                                 (no amulet)
HPRegen 0.33/turn                b - ring of fire
MPRegen 0.09/turn                (no ring)

@: berserking, lethally poisoned (-2 -> -29), very quick
A: horns 2, retaliatory headbutt
a: Renounce Religion, Berserk, Trog's Hand


You were on level 5 of the Dungeon.
You worshipped Trog.
Trog was most pleased with you.
You visited 1 branch of the dungeon, and saw 5 of its levels.

You collected 202 gold pieces.

Inventory:

Hand Weapons
 a - a +0 mace
 j - a +1 whip (weapon)
Armour
 k - a +0 chain mail (worn)
 s - a +0 pair of gloves (worn)
Jewellery
 b - a ring of fire (left hand)
Wands
 p - a wand of light (11)
Scrolls
 e - a scroll of fear
 i - 2 scrolls of fog
 n - 3 scrolls of identify
 q - 2 scrolls of teleportation
Potions
 d - a potion of lignification {unknown}
 f - 2 potions of invisibility
 g - a potion of flight
 h - a potion of attraction {unknown}
 l - a potion of might {unknown}
 m - a potion of ambrosia
 o - 2 potions of mutation {unknown}
 r - a potion of haste {unknown}
 u - a potion of curing {unknown}


   Skills:
 + Level 4.8 Fighting
 + Level 6.9 Maces & Flails
 + Level 4.9 Armour
 + Level 3.0 Dodging
 + Level 0.4 Stealth


You had 5 spell levels left.
You didn't know any spells.
Your spell library was empty.

Dungeon Overview and Level Annotations

Branches:
Dungeon (5/15)             Temple (0/1) D:4

Altars:

Shops:
D:3 [


Innate Abilities, Weirdness & Mutations

You have a pair of horns on your head.
You reflexively headbutt those who attack you in melee.


Message History

The killer bee stings you but does no damage.
You are too injured to fight recklessly!
You are too injured to fight recklessly!
The killer bee attacks as you move away!
The killer bee stings you but does no damage.
The killer bee attacks as you move away!
The killer bee stings you.
You are more poisoned.
The killer bee poisons you!
You feel a strong urge to attack something.
You feel very sick. The killer bee barely misses you.
The hound bites you but does no damage.
You barely miss the killer bee. Your headbutt misses the killer bee.
You feel sick.
You miss the killer bee.
You feel sick. The killer bee stings you.
* * * LOW HITPOINT WARNING * * *
You are lethally poisoned!
The killer bee poisons you! The hound closely misses you.
You barely miss the killer bee. Your headbutt misses the killer bee.
* * * LOW HITPOINT WARNING * * *
You feel very sick.
The killer bee stings you but does no damage.
The hound bites you.
* * * LOW HITPOINT WARNING * * *
* * * LOW HITPOINT WARNING * * *
You feel very sick. The killer bee stings you.
* * * LOW HITPOINT WARNING * * *
You are more poisoned.
The killer bee poisons you!
You barely miss the killer bee. Your headbutt misses the killer bee.
* * * LOW HITPOINT WARNING * * *
You feel very sick. The killer bee stings you.
* * * LOW HITPOINT WARNING * * *
You are more poisoned.
The killer bee poisons you!
You whack the killer bee!
The killer bee is severely wounded.
You die...

y. .. #. #. #.
#.
#.####.########
......yyy@.†..#
######.h#####.#
#...#####†#####
#.#...<.......#
#.#######.###.#
#.# #†# #.# #.#
#.# #.# #.#
#.###.# #<#
#...#.##


You could see a hound and 3 killer bees.

Vanquished Creatures
  A scorpion (D:2)
  A killer bee (D:5)
  A hound (D:5)
  An orc priest (D:3)
  2 iguanas (D:4)
  Natasha (twice) (D:4)
  An orc wizard (D:3)
  Robin (D:4)
  5 adders
  2 worms
  A dart slug (D:4)
  6 orcs
  3 bats (D:1)
  10 endoplasms
  2 giant cockroaches (D:3)
  17 goblins
  6 hobgoblins
  3 quokkas
  11 ball pythons
  2 frilled lizards (D:1)
  4 kobolds
  3 rats
85 creatures vanquished.

Vanquished Creatures (others)
  10 plants
10 creatures vanquished.

Grand Total: 95 creatures vanquished

Notes
Turn   | Place    | Note
-------+----------+-------------------------------------------
     0 | D:1      | mampy3000 the Minotaur Berserker began the quest for the
                  | Orb.
     0 | D:1      | Reached XP level 1. HP: 19/19 MP: 0/0
   122 | D:1      | Reached skill level 4 in Maces & Flails
   145 | D:1      | Reached XP level 2. HP: 27/27 MP: 1/1
   639 | D:2      | Reached ** piety under Trog
   663 | D:2      | Reached XP level 3. HP: 17/33 MP: 2/2
  1127 | D:2      | Noticed a scorpion
  1134 | D:2      | Killed a scorpion
  1135 | D:2      | Reached skill level 5 in Maces & Flails
  1135 | D:2      | Reached XP level 4. HP: 41/41 MP: 3/3
  1325 | D:3      | Reached XP level 5. HP: 45/47 MP: 4/4
  1674 | D:3      | Found Vizxuy's Armour Shop.
  1927 | D:3      | Found a faded altar of an unknown god.
  2056 | D:4      | Reached skill level 6 in Maces & Flails
  2065 | D:4      | Noticed Robin
  2082 | D:4      | Killed Robin
  2108 | D:4      | Reached XP level 6. HP: 33/53 MP: 5/5
  2204 | D:4      | Reached *** piety under Trog
  2454 | D:4      | Found a staircase to the Ecumenical Temple.
  2462 | D:4      | Noticed Natasha
  2475 | D:4      | Killed Natasha
  2781 | D:4      | Noticed Natasha
  2796 | D:4      | Killed Natasha
  3098 | D:5      | Entered Level 5 of the Dungeon
  3296 | D:5      | HP: 1/82 [killer bee (5)]
  3297 | D:5      | Succumbed to a killer bee's poison

Illustrated notes

Levels and vault maps discovered:
D:1:      minmay_arrival_open_corners, layout_basic, minmay_vboxes
D:2:      layout_rooms, serial_bayou_lagoon_b
D:3:      layout_basic, dreamdust_ecumenical_altar_hidden_monk_grotto,
          serial_shops, shop, nrook_mini_vaults, saegor_snake_ambush
D:4:      layout_cave_pods, minmay_temple_entry_overgrown, serial_column_ruins,
          column_ruins_open_small_water, column_ruins_columns_straight,
          column_ruins_open_medium, column_ruins_open_small_water,
          column_ruins_columns_straight, uniq_natasha, uniq_robin
D:5:      layout_loops_ring, uniq_menkaure

Skill      XL: |  1  2  3  4  5 |
---------------+----------------+-----
Maces & Flails | 4 5 6 |  6.9
Fighting       | 4 |  4.8
Armour         | 3 4 |  4.9
Dodging        | 3 |  3.0
Stealth        | |  0.4

Action                   |  1- 3 |  4- 6 || total
-------------------------+-------+-------++-------
Melee: Mace              |    43 |       ||    43
       Headbutt          |     8 |    21 ||    29
       Punch             |     2 |       ||     2
       Whip              |    28 |   150 ||   178
Invok: Berserk           |     2 |     4 ||     6
  Use: Scroll            |     8 |     4 ||    12
Armor: Ring mail         |    17 |       ||    17
       Chain mail        |     6 |    55 ||    61
Dodge: Dodged            |    24 |    50 ||    74

Table legend: (Time is in decaauts)
 A = Elapsed time spent in this place.
 B = Non-inter-level travel time spent in this place.
 C = Inter-level travel time spent in this place.
 D = Time resting spent in this place.
 E = Time spent auto-exploring this place.
 F = Levels seen in this place.
 G = Mean time per level.
                   A        B        C        D        E       F      G
               +--------+--------+--------+--------+--------+-----+--------+
         Total |   3330 |   3126 |    204 |      0 |   2451 |   5 |  666.0 |
       Dungeon |   3330 |   3126 |    204 |      0 |   2451 |   5 |  666.0 |
               +--------+--------+--------+--------+--------+-----+--------+

Top non-repeatable levels by time:
     D:4: 1182 daAuts
     D:3: 747 daAuts
     D:2: 702 daAuts
     D:1: 638 daAuts
     D:5: 58 daAuts
